 Dungeon Crawl Stone Soup version 0.16.1-51-g6203257 (webtiles) character file.

1259 Teril the Covert (level 8, -4/37 HPs)
             Began as a Spriggan Assassin on July 12, 2015.
             Slain by Prince Ribbit (12 damage)
             ... on level 5 of the Dungeon.
             The game lasted 00:29:49 (5182 turns).

Teril the Covert (Spriggan Assassin)                Turns: 5182, Time: 00:29:49

Health: -4/37      AC:  6    Str:  8    XL:     8   Next: 27%
Magic:  16/16      EV: 22    Int: 13    God:
Gold:   241        SH:  5    Dex: 18    Spells: 0 memorised, 7 levels left

rFire  . . .     SeeInvis +     B - +2 dagger (venom)
rCold  + . .     Clarity  .     I - troll hide {Purgy}
rNeg   . . .     SustAb   .     u - +0 buckler {AC+3}
rPois  +         Gourm    .     (helmet restricted)
rElec  .         Spirit   .     d - +0 cloak
rCorr  .         Warding  .     (gloves unavailable)
rMut   .         Stasis   .     (boots unavailable)
MR     +....                    (no amulet)
Stlth  ++++++....               o - ring of protection from cold
                                G - ring of poison resistance

@: very quick, somewhat resistant to hostile enchantments, very stealthy
A: unfitting armour, see invisible, herbivore 3, speed 3, slow metabolism 2
a: no special abilities


You were on level 5 of the Dungeon.
You were not hungry.

You visited 1 branch of the dungeon, and saw 6 of its levels.

You collected 241 gold pieces.

Inventory:

Hand weapons
 a - a +2 dagger
 b - a +0 blowgun
 B - a +2 dagger of venom (weapon)
Missiles
 e - 25 poisoned needles
 f - 2 curare-tipped needles
 z - 7 needles of confusion
Armour
 d - a +0 cloak (worn)
 u - a +0 buckler of protection (worn)
 I - a troll hide (worn) {Purgy}
Jewellery
 k - an uncursed ring of teleport control
 n - an uncursed ring of fire
 o - a ring of protection from cold (right hand)
 G - a ring of poison resistance (left hand)
Magical devices
 F - a wand of enslavement (19)
 H - a wand of enslavement (14)
Scrolls
 i - 2 scrolls of teleportation
 j - 3 scrolls of recharging
 q - a scroll of immolation
 r - a scroll of fear
 s - a scroll of enchant armour {unknown}
 t - a scroll of enchant weapon {unknown}
 w - a scroll of magic mapping {unknown}
 y - 2 scrolls of remove curse
 A - a scroll of identify
 C - a scroll of amnesia {unknown}
 D - 3 scrolls of blinking
Potions
 h - a potion of mutation {unknown}
 l - 5 potions of curing {unknown}
 m - a potion of might {unknown}
 p - a potion of lignification {unknown}
 v - a potion of heal wounds {unknown}
 x - a potion of restore abilities {unknown}
 E - a potion of haste {unknown}
 J - a potion of poison {unknown}
Comestibles
 c - 4 fruits
 g - 2 bread rations


   Skills:
 - Level 1.5 Fighting
 + Level 3.4 Short Blades
 - Level 2.1 Throwing
 + Level 0.5 Armour
 + Level 7.9 Dodging
 * Level 13.0 Stealth


You had 7 spell levels left.
You didn't know any spells.

Dungeon Overview and Level Annotations

Branches:
Dungeon (6/15)
 Temple: D:4-7

Altars:
Cheibriados
Gozag
Xom

Shops:
D:5 %

Annotations:
D:5 Prince Ribbit


Innate Abilities, Weirdness & Mutations

You are tiny and cannot use many weapons and most armour.
You have supernaturally acute eyesight.
You are a herbivore.
You cover ground extremely quickly.
You need consume almost no food.


Message History

You see here a short sword.
Things that are here:
a hand axe; an orc corpse You see here a short sword.
You see here a hand axe.
Things that are here:
a hand axe; a leather armour You see here a whip.
You see here a short sword.
Found 18 gold pieces.
Prince Ribbit croaks.
Prince Ribbit barely misses you.
You hit Prince Ribbit.
Prince Ribbit is poisoned.
Prince Ribbit is lightly wounded.
Prince Ribbit hits you! x2
* * * LOW HITPOINT WARNING * * *
You miss Prince Ribbit.
Prince Ribbit is lightly wounded.
Prince Ribbit hits you!
You die...

.∩...######...##...####..........
.†.))............................
..####.##............#...........
))# #.##...................#.###
).# #...............#?#####..###
..# #####..........##.# #>##..
..#########.....(..#...#####.##.#
.................................
..#####.$...##..@....#####.......
..# #####.###..F.....# #.......
..# #.###........###....... ###
####...[.#.###...##.......
#.........................
#.########.....).....##### ##.#
#..................... ##..#
#.####....<.......#... #..## #
#........#....##.


You could see Prince Ribbit.

Vanquished Creatures
  Pikel (D:4)
  Grinder (D:5)
  4 slaves (D:4)
  Purgy (D:4)
  2 crimson imps (D:5)
  An orc priest (D:5)
  A hound (D:5)
  An orc wizard (D:4)
  2 worker ants (D:4)
  Natasha (twice) (D:4)
  Jessica (D:2)
  A giant mite (D:4)
  10 adders
  4 gnolls
  2 worms (D:4)
  An adder skeleton (D:4)
  2 giant geckos
  An ooze (D:2)
  14 orcs
  4 ball pythons
  8 goblins
  6 hobgoblins
  2 jackals (D:5)
  7 kobolds
  3 quokkas
  11 bats
  5 giant cockroaches
  A giant gecko zombie (D:5)
  3 giant newts
  A jackal skeleton (D:4)
  14 rats
117 creatures vanquished.

Vanquished Creatures (others)
  5 sheep (D:3)
5 creatures vanquished.

Grand Total: 122 creatures vanquished

Notes
Turn   | Place    | Note
--------------------------------------------------------------
     0 | D:1      | Teril, the Spriggan Assassin, began the quest for the Orb.
     0 | D:1      | Reached XP level 1. HP: 10/10 MP: 2/2
    42 | D:1      | Reached skill level 6 in Stealth
   252 | D:1      | Reached XP level 2. HP: 11/14 MP: 4/4
   825 | D:1      | Reached skill level 7 in Stealth
   939 | D:1      | Reached XP level 3. HP: 18/18 MP: 6/6
  1637 | D:2      | Reached skill level 8 in Stealth
  1657 | D:2      | Reached XP level 4. HP: 20/22 MP: 8/8
  1678 | D:2      | Found a snail-covered altar of Cheibriados.
  1709 | D:2      | Noticed Jessica
  1712 | D:2      | Killed Jessica
  2643 | D:3      | Found a shimmering altar of Xom.
  2681 | D:3      | Reached XP level 5. HP: 22/25 MP: 10/10
  2815 | D:3      | Reached skill level 9 in Stealth
  3582 | D:4      | Noticed Pikel
  3582 | D:4      | Noticed a slave
  3582 | D:4      | Noticed a slave
  3582 | D:4      | Noticed a slave
  3582 | D:4      | Noticed a slave
  3800 | D:4      | You fall through a shaft for 2 floors!
  3840 | D:5      | Entered Level 5 of the Dungeon
  3845 | D:5      | Found an opulent altar of Gozag.
  3849 | D:5      | Reached skill level 5 in Dodging
  3883 | D:5      | Noticed Grinder
  3889 | D:5      | Killed Grinder
  3889 | D:5      | Reached skill level 10 in Stealth
  3889 | D:5      | Reached XP level 6. HP: 30/30 MP: 12/12
  3905 | D:5      | Noticed Prince Ribbit
  3912 | D:5      | Noticed an ice beast
  3989 | D:4      | Noticed Purgy
  4033 | D:4      | Killed Purgy
  4033 | D:4      | Reached skill level 11 in Stealth
  4033 | D:4      | Reached XP level 7. HP: 18/33 MP: 14/14
  4196 | D:4      | Noticed Natasha
  4198 | D:4      | Killed Natasha
  4305 | D:4      | Killed a slave
  4313 | D:4      | Killed a slave
  4318 | D:4      | Killed a slave
  4325 | D:4      | Killed a slave
  4393 | D:4      | Killed Pikel
  4393 | D:4      | Reached skill level 12 in Stealth
  4393 | D:4      | Reached XP level 8. HP: 34/37 MP: 16/16
  4542 | D:4      | Noticed Natasha
  4544 | D:4      | Killed Natasha
  5078 | D:5      | Found Twuu's Food Emporium.
  5113 | D:5      | Reached skill level 13 in Stealth
  5182 | D:5      | Slain by Prince Ribbit

Action                   |  1- 3 |  4- 6 |  7- 9 || total
-------------------------+-------+-------+-------++-------
Melee: Dagger            |   119 |   208 |   135 ||   462
  Use: Scroll            |       |       |     7 ||     7
 Stab: Distracted        |     1 |       |     2 ||     3
       Sleeping          |     7 |    21 |     8 ||    36
  Eat: Bread ration      |       |     1 |       ||     1
